 Dungeon Crawl Stone Soup version 0.24-a0-584-g9d6b971ae4 (webtiles) character file.

Game seed: 15822509183229825245, levelgen mode: deterministic

22 Gynju the Unweaver (level 2, -3/24 HPs)
             Began as a Demonspawn Abyssal Knight on Aug 30, 2019.
             Was a Follower of Lugonu.
             Slain by Terence
             ... wielding a +0 flail
              (5 damage)
             ... on level 2 of the Dungeon.
             The game lasted 00:03:40 (1181 turns).

Gynju the Unweaver (Demonspawn Abyssal Knight)      Turns: 1181, Time: 00:03:41

Health: -3/24      AC:  3    Str: 12    XL:     2   Next: 68%
Magic:  4/4        EV: 11    Int: 13    God:    Lugonu [*.....]
Gold:   66         SH:  0    Dex: 12    Spells: 1/1 levels left

rFire    . . .     SeeInvis .   a - +2 falchion
rCold    . . .     Gourm    .   (no shield)
rNeg     . . .     Faith    .   b - +0 leather armour
rPois    .         Spirit   .   (no helmet)
rElec    .         Reflect  .   (no cloak)
rCorr    .         Harm     .   (no gloves)
MR       +....                  (no boots)
Stlth    ++........             (no amulet)
HPRegen  0.08/turn              j - ring of protection from magic
MPRegen  0.09/turn              (no ring)

@: no status effects
A: nightstalker 1
a: Depart the Abyss, Renounce Religion


You were on level 2 of the Dungeon.
You worshipped Lugonu.
Lugonu was aware of your devotion.
You were not hungry.

You visited 1 branch of the dungeon, and saw 2 of its levels.
You visited the Abyss 1 time.

You collected 66 gold pieces.

Inventory:

Hand Weapons
 a - a +2 falchion (weapon)
Armour
 b - a +0 leather armour (worn)
Jewellery
 j - a ring of protection from magic (left hand)
Scrolls
 g - a scroll of enchant weapon
Potions
 d - a potion of might {unknown}
 f - 2 potions of lignification
 i - a potion of haste {unknown}
 n - a potion of resistance {unknown}
Comestibles
 c - a ration


   Skills:
 - Level 3.0 Fighting
 * Level 2.6 Long Blades
 - Level 1.7 Armour
 - Level 0.8 Dodging
 + Level 3.1 Invocations


You had one spell level left.
You didn't know any spells.
Your spell library was empty.

Dungeon Overview and Level Annotations

Branches:
Dungeon (2/15)

Altars:

Annotations:
D:2 Terence


Innate Abilities, Weirdness & Mutations

You are slightly more attuned to the shadows.


Message History

You hit Terence but do no damage.
Terence is heavily wounded.
Terence hits you with a +0 flail.
You are too injured to fight recklessly!
You are too injured to fight recklessly!
You are too injured to fight recklessly!
You are too injured to fight recklessly!
You are too injured to fight recklessly!
You are too injured to fight recklessly!
You hit Terence.
Terence is severely wounded.
Terence hits you with a +0 flail!
* * * LOW HITPOINT WARNING * * *
You hit Terence but do no damage.
Terence is severely wounded.
Terence drinks a potion.
Terence is healed!
You barely miss Terence.
Terence is moderately wounded.
Terence hits you with a +0 flail.
You die...

#.. #.# #.#
#.# # #.# ####
#.##§##.....
#.§§§@@r..>[
######§##.####
#.§§§§§# #
#.###### #.#
#.# ########.#
#........#
#.######.#


You could see Terence and a rat.

Vanquished Creatures
  A leopard gecko (D:1)
  A ball python (D:1)
  3 bats (D:1)
  A goblin (D:1)
  4 hobgoblins (D:1)
  4 jackals (D:1)
  A frilled lizard (D:1)
  3 rats (D:1)
18 creatures vanquished.

Notes
Turn   | Place    | Note
-------+----------+-------------------------------------------
     0 | Abyss:1  | Gynju the Demonspawn Abyssal Knight began the quest for the
                  | Orb.
     0 | Abyss:1  | Reached XP level 1. HP: 18/18 MP: 2/2
    57 | Abyss:1  | Noticed a starcursed mass
    62 | D:1      | Escaped the Abyss
   343 | D:1      | Gained mutation: You are slightly more attuned to the
                  | shadows. [demonic ancestry]
   343 | D:1      | Reached XP level 2. HP: 22/24 MP: 4/4
   704 | D:1      | Reached * piety under Lugonu
  1156 | D:2      | Noticed Terence
  1179 | D:2      | HP: 1/24 [Terence/+0 flail (10)]
  1181 | D:2      | Slain by Terence

Levels and vault maps discovered:
D:1:      dpeg_arrival_lava_altar, layout_basic
D:2:      layout_loops_ring, minmay_ruptured, uniq_natasha, uniq_terence,
          uniq_sigmund

Skill      XL: |  1  2 |
---------------+-------+-----
Long Blades    | 2 |  2.6
Invocations    | 3 |  3.1
Fighting       | |  3.0
Armour         | |  1.7
Dodging        | |  0.8

Action                   || total
-------------------------++-------
Melee: Falchion          ||    60
Invok: Depart the Abyss  ||     1
  Use: Scroll            ||     7
 Stab: Sleeping          ||     1
  Eat: Chunk             ||     1
Armor: Leather armour    ||    13
Dodge: Dodged            ||    56
       Rpst.: Falchion   ||    16

Table legend:
 A = Non-vault XP
 B = Vault XP
 C = Vault XP percentage of total XP
 D = Non-vault monster count
 E = Vault monster count
 F = Vault count percentage of total count
                 A         B        C        D         E       F
            +---------+---------+-------+---------+---------+-------
      Total |      32 |       0 |   0.0 |      18 |       0 |   0.0
            +---------+---------+-------+---------+---------+-------
        D:1 |      32 |       0 |   0.0 |      18 |       0 |   0.0
            +---------+---------+-------+---------+---------+-------
